 Dungeon Crawl Stone Soup version 0.29-a0-22-gbf593b16ee (webtiles) character file.

Game seed: 2730046787642836325

2238 shoop the Covert (level 9, -8/73 HPs)
             Began as a Vampire Delver on Jan 29, 2022.
             Was a Believer of Wu Jian.
             Engulfed by a steam dragon's steam (10 damage)
             ... on level 6 of the Dungeon on Jan 30, 2022.
             The game lasted 00:13:14 (4736 turns).

shoop the Covert (Vampire Delver)                   Turns: 4736, Time: 00:13:15

Health: -8/73      AC:  3    Str: 13    XL:     9   Next: 14%
Magic:  9/9        EV: 15    Int: 14    God:    Wu Jian [**....]
Gold:   243        SH:  0    Dex: 16    Spells: 8/8 levels left

rFire   . . .      SeeInvis +   h - +2 quarterstaff (spect)
rCold   . . .      Faith    .   (shield currently unavailable)
rNeg    . . .      Spirit   .   b - +0 leather armour
rPois   +          Reflect  .   (no helmet)
rElec   .          Harm     .   (no cloak)
rCorr   .          Rampage  .   (no gloves)
Will    .....                   (no boots)
Stlth   ++++......              (no amulet)
HPRegen 0.42/turn               C - ring of poison resistance
MPRegen 0.11/turn               (no ring)

@: healing quickly
A: alive, fangs 3, see invisible, vampiric 2
a: Exsanguinate, Renounce Religion, Wall Jump


You were on level 6 of the Dungeon.
You worshipped Wu Jian.
Wu Jian was pleased with you.
You visited 2 branches of the dungeon, and saw 7 of its levels.
You also visited: Sewer.

You collected 243 gold pieces.

Inventory:

Hand Weapons
 a - a +0 falchion
 h - a +2 spectral quarterstaff (weapon)
 q - a +2 dagger of speed
 H - a +1 falchion of electrocution
Missiles
 v - 3 throwing nets (quivered)
Armour
 b - a +0 leather armour (worn)
 F - a scarf of invisibility
Jewellery
 y - a ring of resist corrosion
 C - a ring of poison resistance (left hand)
Wands
 g - a wand of digging (3)
 i - a wand of polymorph (6)
 D - a wand of charming (7)
 E - a wand of paralysis (4)
Scrolls
 c - 3 scrolls of fog
 d - a scroll of magic mapping
 e - a scroll of fear
 j - 3 scrolls of blinking {unknown}
 k - 2 scrolls of torment {unknown}
 l - a scroll of enchant armour {unknown}
 m - 4 scrolls of identify {unknown}
 n - 3 scrolls of teleportation {unknown}
 r - a scroll of silence {unknown}
 s - 5 scrolls of immolation {unknown}
 A - 2 scrolls of acquirement {unknown}
Potions
 f - 3 potions of haste
 o - a potion of heal wounds {unknown}
 p - a potion of cancellation {unknown}
 t - a potion of mutation {unknown}
 u - 2 potions of magic {unknown}
 w - 3 potions of degeneration {unknown}
 x - 2 potions of might {unknown}
 z - a potion of resistance {unknown}
 B - 2 potions of curing {unknown}
 G - 2 potions of lignification {unknown}


   Skills:
 + Level 7.7 Fighting
 - Level 2.0 Long Blades
 - Level 4.0 Staves
 + Level 6.9 Dodging
 - Level 8.0 Stealth
 + Level 3.8 Evocations


You had 8 spell levels left.
You didn't know any spells.
Your spell library contained the following spells:

 Spells                   Type           Power      Damage    Failure   Level
 Beastly Appendage        Tmut           0%         N/A       36%         1
 Summon Small Mammal      Summ           0%         N/A       36%         1
 Ensorcelled Hibernation  Hex/Ice        0%         N/A       50%         2
 Wereblood                Tmut           0%         N/A       50%         2
 Call Canine Familiar     Summ           0%         N/A       73%         3
 Spider Form              Tmut/Pois      0%         N/A       73%         3
 Summon Guardian Golem    Hex/Summ       0%         N/A       73%         3
 Anguish                  Hex/Necr       0%         N/A       98%         4


Dungeon Overview and Level Annotations

Branches:
Dungeon (6/15)             Temple (1/1) D:4           Sewer (visited)

Altars:
Kikubaaqudgha
Nemelex Xobeh
Okawaru
Uskayaw
Vehumet
Wu Jian
Xom
Yredelemnul
Zin

Annotations:
D:4 1 runed translucent door


Innate Abilities, Weirdness & Mutations

Your natural rate of healing is accelerated.
You have razor-sharp teeth.
You have supernaturally acute eyesight. (SInv)
You are afflicted with vampirism and can become a bat while bloodless.


Message History

No target in view!
No target in view!
No target in view!
No target in view!
An ogre comes into view. It is wielding a +0 giant club.
You hit the steam dragon.
The steam dragon is lightly wounded.
Your +2 spectral quarterstaff closely misses the steam dragon.
The steam dragon breathes steam at you. The ball of steam hits you!
The steam dragon barely misses you. The steam dragon claws you.
You hear an angry hiss. x2
You hit the steam dragon but do no damage.
The steam dragon is lightly wounded.
Your +2 spectral quarterstaff hits the steam dragon!
You are engulfed in a cloud of scalding steam.
The steam dragon barely misses you. The steam dragon closely misses you.
An ogre comes into view. It is wielding a +0 giant club.
Unknown command.
You hit the steam dragon.
You bite the steam dragon, but do no damage.
The steam dragon is heavily wounded.
Your +2 spectral quarterstaff hits the steam dragon!
You are engulfed in a cloud of scalding steam.
The steam dragon bites you!
* * * LOW HITPOINT WARNING * * *
The steam dragon misses you. The steam dragon breathes steam at you.
The ball of steam hits you!
* * * LOW HITPOINT WARNING * * *
You hear an angry hiss.
Okay, then.
Save game and exit?
Welcome back, shoop the Vampire Delver.
The Council says: Follow the path of wisdom and battle!
Press ? for a list of commands and other information.
You barely miss the ogre.
Your +2 spectral quarterstaff hits the ogre!
You are engulfed in a cloud of scalding steam.
You die...

.......##[..#.....###.#
..........#.......#8...
....[...######....#...
...........# #.......8
. ####.#####.###§...#..
.# # #.# #....§...#8.
.8 #.# #..###§### .###
#.# #..#..§..# ....#
#.# ##.#...@.#.⌠.⌠.#
#.# #.....(O§..⌠... #.
#.#...§D#.⌠.⌠.#
#.#.....#.....#
#.###.### #.### .$. ...
.... .# #### .


You could see a steam dragon, an ogre and a friendly +2 spectral quarterstaff
(summoned, wandering).

Vanquished Creatures
  A water moccasin (D:6)
  3 black bears
  4 ogres
  A necrophage (D:5)
  3 phantoms
  3 kobold brigands (Sewer)
  A bullfrog (D:6)
  4 scorpions
  4 orc priests
  2 hounds
  A bullfrog skeleton (D:5)
  An iguana (D:5)
  Jessica (D:2)
  A human skeleton (D:4)
  4 orc wizards
  12 gnolls
  8 adders
  A white imp (D:6)
  An ufetubus (D:5)
  3 worms
  A dart slug (D:4)
  26 orcs
  10 ball pythons
  10 bats
  8 endoplasms
  4 giant cockroaches
  4 goblins (D:2)
  5 hobgoblins
  4 jackals (D:2)
  23 kobolds
  3 frilled lizards
  A kobold zombie (D:4)
  8 rats
166 creatures vanquished.

Vanquished Creatures (others)
  7 plants
7 creatures vanquished.

Grand Total: 173 creatures vanquished

Notes
Turn   | Place    | Note
-------+----------+-------------------------------------------
     0 | D:5      | shoop the Vampire Delver began the quest for the Orb.
     0 | D:5      | Reached XP level 1. HP: 17/17 MP: 1/1
    36 | D:4      | Found a runed translucent door.
    36 | D:4      | Noticed a human
    72 | D:4      | Reached skill level 1 in Staves
    81 | D:4      | Found a basalt altar of Yredelemnul.
    82 | D:4      | Noticed an ogre
   105 | D:4      | Reached XP level 2. HP: 23/23 MP: 2/2
   113 | D:4      | Noticed an ogre
   149 | D:4      | Gained mutation: You are afflicted with vampirism and can
                  | become a bat while bloodless. [Vampire growth]
   149 | D:4      | Reached XP level 3. HP: 9/28 MP: 3/3
   207 | D:4      | HP: 1/28 [orc priest/divine providence (11)]
   210 | D:4      | Reached skill level 1 in Evocations
   210 | D:4      | Reached XP level 4. HP: 3/34 MP: 4/4
   466 | D:4      | Noticed an ogre
   475 | D:4      | Noticed an ogre
   541 | D:4      | Killed an ogre
   542 | D:4      | Reached XP level 5. HP: 39/39 MP: 5/5
   551 | D:4      | Killed an ogre
   552 | D:4      | Reached XP level 6. HP: 34/46 MP: 6/6
   570 | D:4      | Found a staircase to the Ecumenical Temple.
   607 | D:4      | Found a glowing drain.
   616 | Sewer    | Entered a sewer
  1035 | D:4      | Reached XP level 7. HP: 38/54 MP: 7/7
  1084 | Temple   | Entered the Ecumenical Temple
  1169 | Temple   | Became a worshipper of the Wu Jian Council
  1772 | D:3      | Reached skill level 5 in Fighting
  2236 | D:1      | Reached * piety under Wu Jian
  2409 | D:1      | Found a faded altar of an unknown god.
  2852 | D:2      | Noticed Jessica
  2856 | D:2      | Killed Jessica
  2907 | D:2      | Reached XP level 8. HP: 64/64 MP: 8/8
  3630 | D:5      | Reached ** piety under Wu Jian
  3631 | D:5      | Reached skill level 5 in Dodging
  3869 | D:5      | Found a shimmering altar of Xom.
  4382 | D:6      | Reached XP level 9. HP: 50/72 MP: 9/9
  4442 | D:6      | Reached skill level 8 in Stealth
  4735 | D:6      | HP: 2/73 [steam dragon/ball of steam (12)]
  4736 | D:6      | Engulfed by a steam dragon's steam

Illustrated notes

Levels and vault maps discovered:
D:1:      nicolae_arrival_washed_ashore, layout_loops_ring,
          chequers_ecumenical_altar_simple, st_stairs_12, corner_web_ring
D:2:      layout_rooms, interstate_on_off, dk_vineyard_3,
          hangedman_decor_slide_cut, kennysheep_doodads, uniq_jessica
D:3:      layout_loops_ring
D:4:      cheibrodos_old_hovel, layout_basic, dk_yredelemnul_ordeal,
          temple_green, cheibrodos_sewer_entry_bend
D:5:      layout_cave_pods, old_standard_altar
D:6:      layout_basic, minmay_chambers_of_fives
Temple:   mainiacjoe_temple_bowtie_tessellation

Skill      XL: |  1  2  3  4  5  6  7  8  9 |
---------------+----------------------------+-----
Staves         | 1 2 3 4 |  4.0
Evocations     | 1 2 3 |  3.8
Fighting       | 4 6 7 |  7.7
Dodging        | 4 6 |  6.9
Stealth        | 8 |  8.0
Long Blades    | |  2.0

Action                   |  1- 3 |  4- 6 |  7- 9 || total
-------------------------+-------+-------+-------++-------
Melee: Quarterstaff      |    20 |    70 |   189 ||   279
       Bite              |     1 |     7 |    18 ||    26
Invok: Lunge             |       |       |    38 ||    38
 Abil: Wall Jump         |       |       |     1 ||     1
  Use: Scroll            |       |     1 |       ||     1
 Stab: Sleeping          |       |     5 |    16 ||    21
       Distracted        |       |       |     2 ||     2
Armor: Leather armour    |     3 |    13 |    17 ||    33
Dodge: Dodged            |     7 |    44 |    88 ||   139

Table legend: (Time is in decaauts)
 A = Elapsed time spent in this place.
 B = Non-inter-level travel time spent in this place.
 C = Inter-level travel time spent in this place.
 D = Time resting spent in this place.
 E = Time spent auto-exploring this place.
 F = Levels seen in this place.
 G = Mean time per level.
                   A        B        C        D        E       F      G
               +--------+--------+--------+--------+--------+-----+--------+
         Total |   4793 |   4557 |    236 |    212 |   3032 |   8 |  599.1 |
       Dungeon |   4242 |   4032 |    210 |    212 |   2656 |   6 |  707.0 |
        Temple |    110 |     85 |     25 |      0 |     78 |   1 |  110.0 |
         Sewer |    440 |    440 |      0 |      0 |    297 |   1 |  440.0 |
               +--------+--------+--------+--------+--------+-----+--------+

Top non-repeatable levels by time:
     D:4: 1006 daAuts
     D:3: 941 daAuts
     D:5: 720 daAuts
     D:1: 556 daAuts
     D:6: 527 daAuts
     D:2: 489 daAuts
   Sewer: 440 daAuts
  Temple: 110 daAuts
